 Dungeon Crawl Stone Soup version 0.22.1-2-g9c5b331 (webtiles) character file.

105 Tiagovsky the Firebug (level 4, -4/36 HPs)
             Began as a Draconian Fire Elementalist on Dec 28, 2018.
             Hit by a stone thrown by a gnoll (7 damage)
             ... on level 2 of the Dungeon.
             The game lasted 00:14:11 (1984 turns).

Tiagovsky the Firebug (Draconian Fire Elementalist) Turns: 1984, Time: 00:14:11

Health: -4/36      AC:  8    Str: 10    XL:     4   Next: 54%
Magic:  1/8        EV: 12    Int: 17    God:
Gold:   71         SH:  0    Dex: 11    Spells: 2/8 levels left

rFire    . . .     SeeInvis .   o - +0 short sword (venom)
rCold    . . .     Gourm    .   (no shield)
rNeg     . . .     Faith    .   (armour unavailable)
rPois    .         Spirit   .   (helmet restricted)
rElec    .         Reflect  .   k - +2 cloak
rCorr    .         Harm     .   (no gloves)
MR       .....                  (no boots)
Stlth    ++........             (no amulet)
HPRegen  0.12/turn              (no ring)
MPRegen  0.11/turn              (no ring)

@: no status effects
A: unfitting armour, cold-blooded, AC +5
a: no special abilities


You were on level 2 of the Dungeon.
You were not hungry.

You visited 1 branch of the dungeon, and saw 2 of its levels.

You collected 71 gold pieces.

Inventory:

Hand Weapons
 d - a +1 short sword
 o - a +0 short sword of venom (weapon)
Missiles
 a - 54 stones (quivered)
 j - 64 bolts
 p - 11 poisoned needles
Armour
 k - a +2 cloak (worn)
Scrolls
 h - 2 scrolls of teleportation
 n - a scroll of identify
 s - a scroll of amnesia {unknown}
Potions
 c - a potion of agility {unknown}
 e - a potion of berserk rage {unknown}
 g - 2 potions of flight
 i - a potion of haste {unknown}
 l - a potion of magic {unknown}
 q - a potion of invisibility {unknown}
Comestibles
 b - 6 rations
 r - 2 chunks of flesh


   Skills:
 + Level 2.2 Fighting
 - Level 1.7 Dodging
 - Level 1.7 Stealth
 + Level 2.7 Spellcasting
 + Level 2.2 Conjurations
 + Level 3.6 Fire Magic


You had 2 spell levels left.
You knew the following spells:

 Your Spells              Type           Power        Failure   Level  Hunger
a - Flame Tongue          Conj/Fire      ##...        5%          1    #......
b - Throw Flame           Conj/Fire      ##....       8%          2    ##.....
c - Conjure Flame         Conj/Fire      ##......     16%         3    ###....

Your spell library contained the following spells:

 Spells                   Type           Power        Failure   Level  Hunger
 Inner Flame              Hex/Fire       #.......     26%         3    ###....
 Sticky Flame             Conj/Fire      ##......     45%         4    #####..
 Fireball                 Conj/Fire      ##........   82%         5    ######.


Dungeon Overview and Level Annotations

Branches:
Dungeon (2/15)

Altars:
Ashenzari
Trog


Innate Abilities, Weirdness & Mutations

Your plain brown scales are hard. (AC +5)
You cannot fit into any form of body armour.
You are cold-blooded and may be slowed by cold attacks.


Message History

Press: ? - help, Shift-Dir - straight line, f/p - gnoll
Aim: a gnoll, wielding a halberd (severely wounded)
You throw a stone.
The stone hits the gnoll but does no damage.
The gnoll is severely wounded.
Throwing (i - inventory)
a - 56 stones (quivered)
Press: ? - help, Shift-Dir - straight line, f/p - gnoll
Aim: a gnoll, wielding a halberd (severely wounded)
You throw a stone.
The stone hits the gnoll but does no damage.
The gnoll is severely wounded.
The gnoll throws a stone.
The stone barely misses you.
Throwing (i - inventory)
a - 55 stones (quivered)
Press: ? - help, Shift-Dir - straight line, f/p - gnoll
Aim: a gnoll, wielding a halberd (severely wounded)
You throw a stone.
The stone hits the gnoll but does no damage.
The gnoll is severely wounded.
The gnoll throws a stone.
The stone hits you!
You die...

#.#.#..#.#.#.# #.#.#.#.#
#.#.#..#.#)#.# #.#.#.#.#
#.#.#(.#.#.#.# #.#.#.#.#
#.#.#..#.#.#.# #.#.#.#.#
#)#.#..(.#.#.#####.#.#.#.#
#.#.#(##g)......)..#.#.#.#
#.#.#...<............#.#.#
#.#.#####(.###########.#.#
#.#......((@...........#.#
#.######################.##
#.........................#
###########################


You could see a gnoll.

Vanquished Creatures
  3 gnolls (D:2)
  2 adders (D:2)
  An ooze (D:1)
  A dart slug (D:2)
  3 leopard geckos
  4 bats
  A giant cockroach (D:2)
  4 goblins
  5 hobgoblins
  7 jackals (D:2)
  7 kobolds (D:2)
  A quokka (D:2)
  2 frilled lizards
  5 rats
46 creatures vanquished.

Notes
Turn   | Place    | Note
-------+----------+-------------------------------------------
     0 | D:1      | Tiagovsky the Draconian Fire Elementalist began the quest
                  | for the Orb.
     0 | D:1      | Reached XP level 1. HP: 14/14 MP: 3/3
   289 | D:1      | Reached XP level 2. HP: 19/22 MP: 1/5
   459 | D:1      | Reached skill level 1 in Fighting
   828 | D:2      | Found a shattered altar of Ashenzari.
   832 | D:2      | Reached XP level 3. HP: 28/28 MP: 2/6
  1203 | D:2      | Learned a level 2 spell: Throw Flame
  1207 | D:2      | Learned a level 3 spell: Conjure Flame
  1833 | D:2      | Found a bloodstained altar of Trog.
  1847 | D:2      | Reached XP level 4. HP: 36/36 MP: 0/7
  1984 | D:2      | Hit by a stone thrown by a gnoll

Skill      XL: |  1  2  3 |
---------------+----------+-----
Fighting       | 1 2 |  2.2
Conjurations   | 2 |  2.2
Dodging        | |  1.7
Stealth        | |  1.7
Spellcasting   | |  2.7
Fire Magic     | |  3.6

Action                   |  1- 3 |  4- 6 || total
-------------------------+-------+-------++-------
Melee: Short sword       |    36 |    10 ||    46
       Tailslap          |     2 |     2 ||     4
Throw: Stone             |    51 |    13 ||    64
 Cast: Flame Tongue      |    35 |     3 ||    38
       Throw Flame       |    10 |     6 ||    16
  Use: Scroll            |     7 |       ||     7
       Potion            |       |     1 ||     1
 Stab: Distracted        |     1 |       ||     1
  Eat: Chunk             |     2 |       ||     2
       Ration            |     1 |       ||     1
Armor: Skin              |    19 |    12 ||    31
Dodge: Dodged            |    33 |    20 ||    53
